 Dungeon Crawl Stone Soup version 0.29-a0-506-ga2e7fffb44 (webtiles) character file.

Game seed: 6741497638649250022

112 kyalle the Skirmisher (level 4, -1/41 HPs)
             Began as a Merfolk Fighter on May 28, 2022.
             Slain by an orc
             ... wielding a +0 falchion
              (5 damage)
             ... on level 3 of the Dungeon.
             The game lasted 00:07:27 (2556 turns).

kyalle the Skirmisher (Merfolk Fighter)             Turns: 2556, Time: 00:07:27

Health: -1/41      AC:  7    Str: 18    XL:     4   Next: 93%
Magic:  4/4        EV: 10    Int:  7    God:
Gold:   108        SH:  7    Dex: 13    Spells: 3/3 levels left

rFire   . . .      SeeInvis .   d - +1 spear
rCold   . . .      Faith    .   i - +2 buckler
rNeg    . . .      Spirit   .   b - +0 scale mail
rPois   .          Reflect  .   (helmet restricted)
rElec   .          Harm     .   (no cloak)
rCorr   .          Rampage  .   (no gloves)
Will    +....                   q - +0 pair of boots
Stlth   ..........              (no amulet)
HPRegen 0.13/turn               f - ring of willpower
MPRegen 0.09/turn               (no ring)

@: no status effects
A: (nimble swimmer 2), mertail, antennae 1, robust 1
a: no special abilities


You were on level 3 of the Dungeon.
You visited 1 branch of the dungeon, and saw 3 of its levels.

You collected 108 gold pieces.

Inventory:

Hand Weapons
 a - a +0 long sword
 d - a +1 spear (weapon)
 e - a +0 falchion
Armour
 b - a +0 scale mail (worn)
 c - a +0 buckler
 i - a +2 buckler (worn)
 q - a +0 pair of boots (worn)
Jewellery
 f - a ring of willpower (left hand)
Scrolls
 h - a scroll of fear
 j - 2 scrolls of identify
 p - a scroll of magic mapping
 r - a scroll of fog {unknown}
Potions
 g - a potion of magic {unknown}
 k - a potion of berserk rage {unknown}
 l - 2 potions of curing
 m - 2 potions of degeneration {unknown}
 n - 3 potions of mutation
 o - 2 potions of brilliance {unknown}
 s - a potion of lignification {unknown}


   Skills:
 * Level 4.3 Fighting
 - Level 3.0 Long Blades
 * Level 2.3 Polearms
 - Level 2.1 Armour
 + Level 2.2 Dodging
 + Level 3.5 Shields


You had 3 spell levels left.
You didn't know any spells.
Your spell library contained the following spells:

 Spells                   Type           Power      Damage    Failure   Level
 Static Discharge         Conj/Air       0%         N/A       96%         2
 Lightning Bolt           Conj/Air       0%         1d11      100%        5
 Maxwell's Capacitive Co  Air            0%         ∞         100%        8


Dungeon Overview and Level Annotations

Branches:
Dungeon (3/15)

Altars:


Innate Abilities, Weirdness & Mutations

((You are very nimble when in or above water. (Stealth+, EV+, Speed+++)))
Your lower body shifts to a powerful aquatic tail in water.
You have a pair of small antennae on your head.
You are robust. (+10% HP)


Message History

The adder is moderately wounded.
The orc hits you with a +0 short sword. The orc wizard barely misses you.
The adder bites you.
You are poisoned.
The adder poisons you!
You puncture the adder!
The adder is almost dead.
You feel sick. The adder barely misses you. The orc wizard barely misses you.
You closely miss the orc.
You feel sick. The adder closely misses you.
The orc hits you but does no damage. The orc wizard barely misses you.
The orc hits you with a +0 falchion. The adder closely misses you.
You hit the adder.
You kill the adder!
You feel sick. The orc hits you but does no damage.
The orc hits you with a +0 falchion. The orc wizard barely misses you.
You hit the orc.
The orc is lightly wounded.
You feel sick. The orc closely misses you. The orc hits you with a +0 falchion.
The orc closely misses you.
The orc wizard hits you with a +0 dagger.
It was a potion of mutation.
You feel extremely strange.
You feel robust. A pair of antennae grows on your head!
You feel sick.
You are no longer poisoned.
The orc hits you but does no damage. The orc hits you with a +0 falchion.
* * * LOW HITPOINT WARNING * * *
The orc barely misses you.
The orc wizard hits you but does no damage.
You are too confused!
You barely miss the orc.
The orc is lightly wounded.
The orc hits you with a +0 falchion.
* * * LOW HITPOINT WARNING * * *
The orc wizard hits you but does no damage.
The orc closely misses you. The orc hits you but does no damage.
You hit the orc wizard.
The orc wizard is lightly wounded.
You feel less confused. The orc hits you with a +0 falchion.
You die...

*,* *,* ******* *****,*
*,#********** *,,,,,, ,,,,,,*
*,#.,,,,,,,,* *,,,*** *******
*,#.*******,* *,,,* *********
#,#..######.# #...#
,,,,,,,,*##.#..#....#.####*...#**
,,,,,,,,,,................,...+,,
,,,,,,,,***,#..#o#.......#*...***
******+** *,#..o@o..#.##.#*#.#*
******,****,#..#o##.#.##.###.#
,,,,,,,,,...#..#.##.#.#...<#.####
,,,,,,>,,$.......................
*********#######.##.#......#.####
*,,,,,,,,,,...##.######.#†#
*,********##......,,,,#.#.#
*,******** #.......,,,#.#.#
*,,,,,,,,* #........,,#.#.#


You could see an orc wizard and 3 orcs.

Vanquished Creatures
  An orc wizard (D:3)
  A gnoll (D:1)
  3 adders
  A dart slug (D:1)
  3 orcs (D:3)
  4 ball pythons
  3 endoplasms
  2 giant cockroaches (D:2)
  A hobgoblin (D:2)
  6 kobolds
  3 quokkas
  5 bats
  2 frilled lizards
  5 goblins
  5 rats
45 creatures vanquished.

Vanquished Creatures (others)
  4 toadstools (D:1)
4 creatures vanquished.

Grand Total: 49 creatures vanquished

Notes
Turn   | Place    | Note
-------+----------+-------------------------------------------
     0 | D:1      | kyalle the Merfolk Fighter began the quest for the Orb.
     0 | D:1      | Reached XP level 1. HP: 18/18 MP: 1/1
   271 | D:1      | Reached XP level 2. HP: 22/24 MP: 2/2
   513 | D:1      | Reached skill level 1 in Dodging
   821 | D:1      | Reached XP level 3. HP: 28/30 MP: 3/3
   959 | D:1      | Found a faded altar of an unknown god.
  1383 | D:2      | Reached skill level 1 in Polearms
  1793 | D:2      | Reached skill level 4 in Fighting
  1988 | D:2      | Reached XP level 4. HP: 36/37 MP: 4/4
  2554 | D:3      | Gained mutation: You are robust. (+10% HP) [potion of
                  | mutation]
  2554 | D:3      | Gained mutation: You have a pair of small antennae on your
                  | head. [potion of mutation]
  2556 | D:3      | Slain by an orc

Illustrated notes

Levels and vault maps discovered:
D:1:      ldierk_walled_garden_2, layout_basic,
          hellmonk_ecumenical_altar_leap_of_faith, minmay_misc_feat_enclosed
D:2:      layout_basic
D:3:      layout_basic

Skill      XL: |  1  2  3  4 |
---------------+-------------+-----
Long Blades    | 3 |  3.0
Dodging        | 1 2 |  2.2
Polearms       | 1 2 |  2.3
Fighting       | 4 |  4.3
Armour         | |  2.1
Shields        | |  3.5

Action                   |  1- 3 |  4- 6 || total
-------------------------+-------+-------++-------
Melee: Long sword        |    37 |       ||    37
       Spear             |    89 |    50 ||   139
  Use: Potion            |     1 |     1 ||     2
       Scroll            |     2 |     4 ||     6
Armor: Scale mail        |    50 |    19 ||    69
Dodge: Dodged            |    54 |    30 ||    84
Block: Buckler           |    52 |    12 ||    64

Table legend: (Time is in decaauts)
 A = Elapsed time spent in this place.
 B = Non-inter-level travel time spent in this place.
 C = Inter-level travel time spent in this place.
 D = Time resting spent in this place.
 E = Time spent auto-exploring this place.
 F = Levels seen in this place.
 G = Mean time per level.
                   A        B        C        D        E       F      G
               +--------+--------+--------+--------+--------+-----+--------+
         Total |   2577 |   2495 |     82 |      0 |   1936 |   3 |  859.0 |
       Dungeon |   2577 |   2495 |     82 |      0 |   1936 |   3 |  859.0 |
               +--------+--------+--------+--------+--------+-----+--------+

Top non-repeatable levels by time:
     D:2: 1206 daAuts
     D:1: 1018 daAuts
     D:3: 351 daAuts
